 Dungeon Crawl Stone Soup version 0.29.1-1-gd02db6906a (webtiles) character file.

Game seed: 13896878762370132433

1190 Du3lingdragon the Covered (level 8, -18/69 HPs)
             Began as a Tengu Berserker on Oct 1, 2022.
             Was a Believer of Trog.
             Demolished by an ogre
             ... wielding a +0 giant club
              (31 damage)
             ... on level 3 of the Dungeon.
             The game lasted 00:14:52 (7104 turns).

Du3lingdragon the Covered (Tengu Berserker)         Turns: 7104, Time: 00:14:53

Health: -18/69     AC: 11    Str: 19    XL:     8   Next: 43%
Magic:  9/9        EV: 11    Int:  7    God:    Trog [**....]
Gold:   117        SH:  6    Dex: 15    Spells: 7/7 levels left

rFire   . . .      SeeInvis +   a - +0 hand axe
rCold   + . .      Faith    .   y - +1 buckler {rC+}
rNeg    . . .      Spirit   .   z - +0 chain mail
rPois   .          Reflect  .   (helmet restricted)
rElec   .          Harm     .   f - +0 cloak
rCorr   .          Rampage  .   (no gloves)
Will    .....                   (boots unavailable)
Stlth   ..........              x - amulet of the acrobat
HPRegen 0.21/turn               e - +4 ring of slaying
MPRegen 0.11/turn               s - ring of see invisible

@: berserking, flying quickly and evasively, very quick
A: beak, talons 3, nimble flight
a: Renounce Religion, Berserk, Trog's Hand


You were on level 3 of the Dungeon.
You worshipped Trog.
Trog was pleased with you.
You visited 1 branch of the dungeon, and saw 6 of its levels.

You collected 348 gold pieces.
You spent 231 gold pieces at shops.

Inventory:

Hand Weapons
 a - a +0 hand axe (weapon)
Missiles
 q - 2 throwing nets (quivered)
Armour
 f - a +0 cloak (worn)
 y - a +1 buckler of cold resistance (worn)
 z - a +0 chain mail (worn)
Jewellery
 e - a +4 ring of slaying (left hand)
 s - a ring of see invisible (right hand)
 x - an amulet of the acrobat (around neck)
Wands
 m - a wand of iceblast (16)
 o - a wand of digging (4)
 u - a wand of polymorph (1)
Scrolls
 b - 2 scrolls of teleportation
 c - a scroll of poison
 d - 6 scrolls of identify
 g - a scroll of blinking {unknown}
 n - 3 scrolls of amnesia
Potions
 i - 4 potions of heal wounds
 j - a potion of brilliance
 l - 4 potions of curing
 p - a potion of ambrosia
 t - a potion of lignification
 w - 3 potions of mutation


   Skills:
 - Level 3.0 Fighting
 - Level 6.0 Axes
 * Level 7.2 Armour
 - Level 6.0 Dodging
 + Level 2.8 Shields


You had 7 spell levels left.
You didn't know any spells.
Your spell library was empty.

Dungeon Overview and Level Annotations

Branches:
Dungeon (6/15)             Temple (0/1) D:5

Altars:
Gozag
Kikubaaqudgha
Sif Muna
Wu Jian
The Shining One

Shops:
D:4 [   D:5 !:   D:6 :

Annotations:
D:3 lonewolfV2's ghost, amateur MiFi
D:4 2 transporters, xian's ghost, novice DsAE


Innate Abilities, Weirdness & Mutations

You have a beak for a mouth.
You have claws for feet.
Your magical nature lets you fly swiftly and evasively.


Message History

You kill the hobgoblin!
Trog accepts your kill.
You barely miss lonewolfV2's ghost. You block lonewolfV2's ghost's attack.
You hit lonewolfV2's ghost. You claw lonewolfV2's ghost.
LonewolfV2's ghost is severely damaged.
You barely miss the ogre. LonewolfV2's ghost hits you.
The ogre completely misses you.
You hit lonewolfV2's ghost.
You claw lonewolfV2's ghost, but do no damage.
LonewolfV2's ghost is severely damaged.
You hit the ogre.
LonewolfV2's ghost screams, "You will join me soon!"
LonewolfV2's ghost hits you. The ogre barely misses you.
You hit lonewolfV2's ghost but do no damage.
Your kick misses lonewolfV2's ghost.
LonewolfV2's ghost is severely damaged.
You slash the ogre! You block lonewolfV2's ghost's attack.
You hit lonewolfV2's ghost.
You claw lonewolfV2's ghost, but do no damage.
You peck lonewolfV2's ghost.
LonewolfV2's ghost is almost destroyed.
You hit the ogre. You block lonewolfV2's ghost's attack.
The ogre barely misses you.
You barely miss lonewolfV2's ghost.
You claw lonewolfV2's ghost, but do no damage.
LonewolfV2's ghost is almost destroyed.
You slash the ogre! You block lonewolfV2's ghost's attack.
The ogre hits you with a +0 giant club!
You fail to use your ability.
LonewolfV2's ghost barely misses you.
You hit lonewolfV2's ghost.
You claw lonewolfV2's ghost, but do no damage.
LonewolfV2's ghost is almost destroyed.
You closely miss the ogre. LonewolfV2's ghost hits you!
* * * LOW HITPOINT WARNING * * *
The ogre barely misses you.
A red film seems to cover your vision as you go berserk!
You feel yourself moving faster!
You feel mighty! LonewolfV2's ghost barely misses you.
The ogre hits you with a +0 giant club!!
You die...

............##...#...#....#
........##...###.#.###....#
.................#........#
.#........>..#########....#
........###......# ######
##......# ###...##
........# ##..## ........#
#...# ........# #..@#####
...>....### ###OW...####
..........## #S.......#
........#..######.......#
........##.....####'''###
........######..##$....##
........#########$$._$..#
###..........# #8..8..8#
###........#.####.$.$$.∩#


You could see an ogre, lonewolfV2's ghost and a ball python.

Vanquished Creatures
  Duvessa (D:4)
  A phantom (D:6)
  Blork the orc (D:4)
  2 necrophages
  2 scorpions
  3 wights (D:6)
  Dowan (D:4)
  A jelly (D:4)
  5 hounds
  An orc priest (D:5)
  Crazy Yiuf (D:6)
  3 iguanas
  An orc wizard (D:5)
  6 adders
  2 ufetubi (D:4)
  2 worms
  4 dart slugs
  8 orcs
  9 endoplasms
  5 giant cockroaches
  3 goblins
  7 hobgoblins
  2 quokkas (D:2)
  10 ball pythons
  3 bats (D:1)
  4 frilled lizards (D:2)
  10 kobolds
  5 rats
103 creatures vanquished.

Notes
Turn   | Place    | Note
-------+----------+-------------------------------------------
     0 | D:1      | Du3lingdragon the Tengu Berserker began the quest for the
                  | Orb.
     0 | D:1      | Reached XP level 1. HP: 14/14 MP: 2/2
   405 | D:1      | Reached XP level 2. HP: 19/19 MP: 3/3
   920 | D:1      | Reached XP level 3. HP: 20/23 MP: 4/4
  1349 | D:2      | Reached skill level 5 in Axes
  1531 | D:2      | Reached ** piety under Trog
  1555 | D:2      | Reached XP level 4. HP: 28/28 MP: 5/5
  1738 | D:2      | Found a faded altar of an unknown god.
  2163 | D:3      | Found a runed translucent gate.
  2163 | D:3      | Found a runed translucent gate.
  2165 | D:3      | Found a runed translucent gate.
  2166 | D:3      | Found an opulent altar of Gozag.
  2169 | D:3      | Noticed lonewolfV2's ghost (amateur MiFi)
  2169 | D:3      | Noticed an ogre
  2217 | D:3      | Gained mutation: Your magical nature lets you fly swiftly
                  | and evasively. [Tengu growth]
  2217 | D:3      | Reached XP level 5. HP: 32/32 MP: 6/6
  2249 | D:3      | Found a glowing golden altar of the Shining One.
  2503 | D:4      | Noticed Duvessa
  2503 | D:4      | Noticed Dowan
  3034 | D:4      | Killed Duvessa
  3035 | D:4      | Reached skill level 3 in Armour
  3035 | D:4      | Reached XP level 6. HP: 37/37 MP: 7/7
  3311 | D:4      | Noticed Blork the orc
  3465 | D:4      | Killed Blork the orc
  3562 | D:4      | Found Omuatt's Armour Shop.
  3703 | D:4      | Found a transporter.
  3703 | D:4      | Noticed xian's ghost (novice DsAE)
  3709 | D:4      | Found a transporter.
  3780 | D:4      | Reached skill level 4 in Armour
  3780 | D:4      | Reached skill level 5 in Dodging
  3780 | D:4      | Reached XP level 7. HP: 20/41 MP: 8/8
  4248 | D:4      | Killed Dowan
  4420 | D:5      | Entered Level 5 of the Dungeon
  4420 | D:5      | Found Cyduzxost's Distillery.
  5006 | D:5      | Found Ycreorox's Book Boutique.
  5024 | D:5      | Reached skill level 5 in Armour
  5078 | D:5      | Found a staircase to the Ecumenical Temple.
  5248 | D:5      | Found a shimmering blue altar of Sif Muna.
  5330 | D:4      | Bought a +1 buckler of cold resistance for 231 gold pieces
  6128 | D:6      | Reached skill level 1 in Shields
  6128 | D:6      | Reached XP level 8. HP: 46/46 MP: 9/9
  6168 | D:6      | Reached skill level 6 in Armour
  6267 | D:6      | Found an ancient bone altar of Kikubaaqudgha.
  6267 | D:6      | Found an ornate altar of the Wu Jian Council.
  6474 | D:6      | Found a runed translucent door.
  6552 | D:6      | Noticed Crazy Yiuf
  6752 | D:6      | Killed Crazy Yiuf
  6835 | D:6      | Found Moebud's Book Boutique.
  6857 | D:6      | Reached skill level 7 in Armour
  7104 | D:3      | Demolished by an ogre

Illustrated notes

Levels and vault maps discovered:
D:1:      dpeg_arrival_stone_temple_mockup, layout_loops_corners,
          minmay_misc_feat_four_crosses
D:2:      layout_basic, shapermc_ecumenical_altar_notcrosses
D:3:      layout_rooms, general_overflow_altar, ebering_ghost_gozag,
          minmay_misc_feat_ornament
D:4:      layout_gridville, serial_shops, nicolae_take_the_stairs,
          gammafunk_ghost_mausoleum, uniq_duvessa, uniq_blork_the_orc
D:5:      layout_basic, led_sif_pool, minmay_temple_entry_statues_pillars,
          serial_shops, kennysheep_mini_moat, nicolae_stop_n_shop_2,
          solitary_fountain
D:6:      layout_basic, gammafunk_temple_overflow_statue, serial_shops,
          nicolae_square_shop, uniq_crazy_yiuf_cottage

Skill      XL: |  1  2  3  4  5  6  7  8 |
---------------+-------------------------+-----
Axes           | 4 5 6 |  6.0
Armour         | 3 4 5 7 |  7.2
Dodging        | 3 5 6 |  6.0
Shields        | 1 2 |  2.8
Fighting       | |  3.0

Action                   |  1- 3 |  4- 6 |  7- 9 || total
-------------------------+-------+-------+-------++-------
Melee: Hand axe          |    54 |    69 |   108 ||   231
       Kick              |    14 |    14 |    42 ||    70
       Punch             |     1 |       |       ||     1
       Peck              |     6 |     7 |    21 ||    34
Invok: Berserk           |       |     2 |     1 ||     3
       Trog's Hand       |       |     1 |     1 ||     2
  Use: Scroll            |       |     5 |     9 ||    14
       Potion            |       |     1 |     1 ||     2
 Stab: Sleeping          |     2 |     1 |       ||     3
Armor: Animal skin       |     6 |       |       ||     6
       Leather armour    |       |    12 |     2 ||    14
       Ring mail         |       |       |     7 ||     7
       Chain mail        |       |       |     9 ||     9
Dodge: Dodged            |    30 |    41 |    81 ||   152
Block: Buckler           |       |       |    15 ||    15
